 Dungeon Crawl Stone Soup version 0.18.1-8-gdd0e5ea (webtiles) character file.

381 Metae the Digger (level 6, -11/75 HPs)
             Began as a Draconian Earth Elementalist on June 1, 2016.
             Mangled by eoe's ghost (15 damage)
             ... on level 3 of the Dungeon.
             The game lasted 01:10:58 (9597 turns).

Metae the Digger (Draconian Earth Elementalist)     Turns: 9597, Time: 01:10:58

Health: -11/75     AC: 23    Str: 11    XL:     6   Next: 46%
Magic:  4/12       EV:  2    Int: 17    God:
Gold:   105        SH:  0    Dex: 11    Spells: 4 memorised, 3 levels left

rFire  . . .     SeeInvis .     s - +2 quarterstaff (chaos)
rCold  . . .     Gourm    .     (armour unavailable)
rNeg   + + +     Faith    .     (shield currently unavailable)
rPois  +         Spirit   .     (helmet currently unavailable)
rElec  .         Dismiss  .     (cloak currently unavailable)
rCorr  .         Reflect  .     (gloves currently unavailable)
SustAt .         Harm     .     (boots currently unavailable)
MR     .....     NoTele   +     (no amulet)
Stlth  ++........               (no ring)
                                (no ring)

@: tree-form, not resistant to hostile enchantments, unstealthy
A: unfitting armour, (cold-blooded), AC +6
a: no special abilities


You were on level 3 of the Dungeon.
You were not hungry.
You were a tree.
You visited 1 branch of the dungeon, and saw 3 of its levels.

You collected 105 gold pieces.

Inventory:

Hand Weapons
 i - a +0 dagger
 s - a +2 quarterstaff of chaos (weapon)
 u - a +0 lajatang
Magical Staves
 q - an uncursed staff of poison
Scrolls
 c - a scroll of remove curse {unknown}
 d - 3 scrolls of magic mapping {unknown}
 e - a scroll of enchant armour {unknown}
 g - 2 scrolls of enchant weapon {unknown}
 k - 3 scrolls of identify {unknown}
 n - a scroll of fear {unknown}
 p - a scroll of amnesia {unknown}
 t - a scroll of teleportation {unknown}
Potions
 a - a potion of brilliance {unknown}
 f - 2 potions of lignification
 h - a potion of mutation {unknown}
 j - a potion of curing {unknown}
 m - a potion of invisibility {unknown}
 o - 2 potions of might
Books
 b - a book of Geomancy

   Spells                             Type                      Level
   a - Sandblast                      Earth                        1
   b - Passwall                       Transmutation/Earth          2
   c - Stone Arrow                    Conjuration/Earth            3
   d - Petrify                        Transmutation/Earth          4
   e - Lee's Rapid Deconstruction     Earth                        5
Comestibles
 l - 2 chunks of flesh


   Skills:
 * Level 2.7 Fighting
 * Level 1.2 Staves
 + Level 2.4 Dodging
 + Level 1.9 Stealth
 * Level 4.0 Spellcasting
 * Level 2.0 Conjurations
 * Level 1.5 Transmutations
 + Level 4.0 Earth Magic


You had 3 spell levels left.
You knew the following spells:

 Your Spells              Type           Power        Failure   Level  Hunger
a - Sandblast             Erth           ###...       2%          1    None
b - Passwall              Trmt/Erth      ##........   10%         2    ##.....
c - Stone Arrow           Conj/Erth      ##....       14%         3    ###....
d - Petrify               Trmt/Erth      ##......     58%         4    ####...


Dungeon Overview and Level Annotations

Branches:
Dungeon (3/15)

Altars:
Gozag
Trog
Xom
The Shining One

Annotations:
D:3 eoe's ghost, amateur DsAs


Innate Abilities, Weirdness & Mutations

((Your plain brown scales are hard (AC +6).))
Your body does not fit into most forms of armour.
((You are cold-blooded and may be slowed by cold attacks.))


Message History

Confirm with . or Enter, or press ? or * to list all spells.
You can't see any susceptible monsters within range! (Use Z to cast anyway.)
Casting: Sandblast
Confirm with . or Enter, or press ? or * to list all spells.
You can't see any susceptible monsters within range! (Use Z to cast anyway.)
You cannot move.
You cannot move.
There is a strange disturbance nearby!
Casting: Sandblast
Confirm with . or Enter, or press ? or * to list all spells.
You can't see any susceptible monsters within range! (Use Z to cast anyway.)
There is a strange disturbance nearby!
Drop what? 20/52 slots (_ for help) (? for menu, Esc to quit)
Okay, then.
Eat one of 3 chunks of flesh? (ye/n/q/i?) This raw flesh tastes terrible.
Something hits you.
* * * LOW HITPOINT WARNING * * *
You continue eating.
Something hits you but does no damage.
You are electrocuted!
You die...

#######..#
#...........###. ##.#
#..........##...
####.###..........#.8..
#.......W####.#...#....
#......### #.###....._
#......## #.# #.#....
#.......#####.# ###.8..
#.##.#.....##.# ##...
#. #..♣###.##.### ####.
#. ###{###......# #.#..
#..#####.#.# #...#
###...###(#.# ##.##
#.........#.# #.#
#.........#.####.##
#............##....
.....................
##..####........#.÷..


There were no monsters in sight!

Vanquished Creatures
  Sigmund (D:3)
  An orc priest (D:3)
  Crazy Yiuf (D:2)
  6 adders
  An ooze (D:2)
  2 worms (D:2)
  3 dart slugs (D:1)
  3 giant geckos
  7 orcs
  8 bats
  7 giant cockroaches
  10 goblins
  6 hobgoblins
  14 jackals
  5 ball pythons
  5 giant newts
  6 kobolds
  6 rats
92 creatures vanquished.

Vanquished Creatures (collateral kills)
  A bat (D:2)
1 creature vanquished.

Grand Total: 93 creatures vanquished

Notes
Turn   | Place    | Note
--------------------------------------------------------------
     0 | D:1      | Metae the Draconian Earth Elementalist began the quest for the Orb.
     0 | D:1      | Reached XP level 1. HP: 14/14 MP: 3/3
   576 | D:1      | Reached XP level 2. HP: 12/22 MP: 1/5
  1895 | D:1      | Learned a level 2 spell: Passwall
  1976 | D:1      | Reached skill level 1 in Fighting
  2150 | D:1      | Found a shimmering altar of Xom.
  2876 | D:1      | Reached XP level 3. HP: 26/28 MP: 3/6
  3912 | D:1      | Learned a level 3 spell: Stone Arrow
  4338 | D:2      | Reached XP level 4. HP: 27/36 MP: 1/8
  5779 | D:2      | Noticed Crazy Yiuf
  5785 | D:2      | Killed Crazy Yiuf
  6290 | D:2      | Found a glowing golden altar of the Shining One.
  6297 | D:2      | Found a bloodstained altar of Trog.
  6769 | D:2      | Reached skill level 1 in Conjurations
  6773 | D:2      | Reached XP level 5. HP: 39/42 MP: 1/9
  6805 | D:2      | Learned a level 4 spell: Petrify
  7044 | D:3      | Found an opulent altar of Gozag.
  7116 | D:3      | Noticed eoe's ghost (amateur DsAs)
  7203 | D:2      | HP: 2/42 [orc (3)]
  7868 | D:3      | HP: 2/42 [eoe's ghost (7)]
  9022 | D:3      | Noticed Sigmund
  9071 | D:3      | Killed Sigmund
  9071 | D:3      | Reached skill level 1 in Staves
  9071 | D:3      | Reached XP level 6. HP: 31/50 MP: 0/11
  9597 | D:3      | Mangled by eoe's ghost

Skill      XL: |  1  2  3  4  5  6 |
---------------+-------------------+-----
Fighting       | 1 2 |  2.7
Dodging        | 2 |  2.4
Spellcasting   | 3 4 |  4.0
Conjurations   | 1 2 |  2.0
Staves         | 1 |  1.2
Earth Magic    | 4 |  4.0
Stealth        | |  1.9
Transmutations | |  1.5

Action                   |  1- 3 |  4- 6 || total
-------------------------+-------+-------++-------
Melee: Unarmed           |    12 |       ||    12
       Tailslap          |     4 |     7 ||    11
       Dagger            |    22 |    29 ||    51
       Quarterstaff      |       |    35 ||    35
 Cast: Sandblast         |   102 |    63 ||   165
       Stone Arrow       |     2 |    42 ||    44
  Use: Potion            |       |     1 ||     1
  Eat: Chunk             |     8 |    10 ||    18
       Bread ration      |     1 |       ||     1
       Meat ration       |       |     2 ||     2
       Royal jelly       |       |     1 ||     1
Armor: Skin              |    57 |    30 ||    87
Dodge: Dodged            |   116 |    77 ||   193
